 Dungeon Crawl Stone Soup version 0.30.1-4-g462c640d31 (webtiles) character file.

Game seed: 2597956205513199443

154 spardeous the Conjurer (level 4, -4/33 HPs)
             Began as a Demigod Conjurer on Aug 14, 2023.
             Slain by a goblin
             ... wielding a +0 club
             ... led by Robin
              (5 damage)
             ... on level 3 of the Dungeon.
             The game lasted 00:02:41 (3730 turns).

spardeous the Conjurer (Demigod Conjurer)           Turns: 3730, Time: 00:02:42

Health: -4/33      AC:  2    Str:  8    XL:     4   Next: 88%
Magic:  4/9        EV: 12    Int: 24    God:
Gold:   185        SH:  0    Dex: 12    Spells: 3/6 levels left

rFire   + . .        k - +0 short sword (venom)
rCold   . . .        s - orb {*channel}
rNeg    . . .        A - +0 robe {rF+}
rPois   .            (no helmet)
rElec   .            (no cloak)
rCorr   .            (no gloves)
SInv    .            (no boots)
Will    .....        (no amulet)
Stlth   ++           (no ring)
HPRegen 0.25/turn    (no ring)
MPRegen 0.11/turn

%: channel magic (20%)
@: no status effects
A: high MP 1, forlorn, divine attributes
a: no special abilities


You were on level 3 of the Dungeon.
You visited 1 branch of the dungeon, and saw 4 of its levels.

You collected 185 gold pieces.

Inventory:

Hand Weapons
 k - a +0 short sword of venom (weapon)
Armour
 a - a +0 robe
 s - an orb of energy (worn)
 t - a +2 chain mail of fire resistance
 A - a +0 robe of fire resistance (worn)
 B - the +2 helmet of the Grue {-Cast rPois Will+}
   (You found it on level 2 of the Dungeon)

   rPois:     It protects you from poison.
   -Cast:     It prevents spellcasting.
   Will:      It increases your willpower.
Jewellery
 y - the ring "Xeuf" {Fire *Corrode Int+3 Slay+3 Stlth+}
   (You found it on level 3 of the Dungeon)

   [ring of fire]

   It enhances your fire magic.
   Int:       It affects your intelligence (+3).
   Slay:      It affects your accuracy & damage with ranged weapons and melee
   (+3).
   rF:        It protects you from fire.
   rC:        It makes you vulnerable to cold.
   *Corrode:  It may corrode you when you take damage.
   Stlth:     It makes you more stealthy.
Scrolls
 c - 2 scrolls of identify {unknown}
 d - 2 scrolls of magic mapping {unknown}
 e - a scroll of enchant armour {unknown}
 f - a scroll of amnesia {unknown}
 h - a scroll of teleportation {unknown}
 i - a scroll of brand weapon {unknown}
 j - a scroll of silence {unknown}
 m - a scroll of blinking {unknown}
 o - a scroll of fear {unknown}
 p - a scroll of summoning {unknown}
 z - a scroll of enchant weapon {unknown}
Potions
 b - a potion of magic
 g - 2 potions of heal wounds {unknown}
 l - a potion of berserk rage {unknown}
 n - 2 potions of curing {unknown}
 q - a potion of degeneration {unknown}
 r - a potion of invisibility {unknown}
 u - a potion of attraction {unknown}
 v - a potion of resistance {unknown}
 w - a potion of brilliance {unknown}
 x - a potion of might {unknown}


   Skills:
 - Level 1.7 Dodging
 - Level 1.7 Stealth
 - Level 1.7 Spellcasting
 + Level 5.9 Conjurations


You had 3 spell levels left.
You knew the following spells:

 Your Spells              Type           Power      Damage    Failure   Level
a - Magic Dart            Conj           100%       1d8       5%          1
b - Searing Ray           Conj           60%        2d6       7%          2

Your spell library contained the following spells:

 Spells                   Type           Power      Damage    Failure   Level
 Dazzling Flash           Conj/Hex       32%        N/A       26%         3
 Hailstorm                Conj/Ice       16%        3d6       26%         3
 Freeze                   Ice            8%         1d3       28%         1
 Frozen Ramparts          Ice            4%         1d1       58%         3
 Fulminant Prism          Conj/Hex       8%         3d7       58%         4
 Iskenderun's Mystic Bla  Conj/Tloc      16%        2d5       58%         4


Dungeon Overview and Level Annotations

Branches:
Dungeon (4/15)
 Temple: D:4-7

Shops:
D:1 (   D:2 [

Annotations:
D:3 Robin


Innate Abilities, Weirdness & Mutations

You have an increased reservoir of magic. (+10% MP)
You shall have no god before yourself.
Your divine heritage dramatically boosts your attributes as you level up.


Message History

The hobgoblin hits you but does no damage.
The hobgoblin hits you.
* * * LOW HITPOINT WARNING * * *
The goblin hits you with a +0 club.
* * * LOW HITPOINT WARNING * * *
You take 11 damage, and have 13/33 hp.
MASSIVE DAMAGE!!
The goblin closely misses you. The hobgoblin hits you.
* * * LOW HITPOINT WARNING * * *
The goblin barely misses you.
You take 4 damage, and have 10/33 hp.
Casting: Magic Dart (safe; 5% risk of failure)
Confirm with . or Enter, or press ? or * to list all spells.
Aiming: Searing Ray (safe; 7% risk of failure)
Press: ? - help, Shift-Dir - straight line, f - hobgoblin
Aim: a hobgoblin (79% to hit)
The searing ray hits the hobgoblin!
You kill the hobgoblin!
The searing ray misses the hobgoblin. (Press . to maintain the ray.)
The goblin hits you but does no damage. The hobgoblin hits you.
* * * LOW HITPOINT WARNING * * *
You take 5 damage, and have 5/33 hp.
You now have 7/9 mp.
The searing ray hits the hobgoblin!
You kill the hobgoblin!
The hobgoblin barely misses you. The goblin closely misses you.
You now have 6/9 mp.
The searing ray hits Robin!
Robin is severely wounded.
Robin roars a battlecry!
The goblins go into a battle-frenzy!
The hobgoblin completely misses you. The goblin barely misses you.
You now have 5/9 mp.
The searing ray hits Robin.
Robin is almost dead.
You finish channelling your searing ray.
Robin barely misses you. The hobgoblin hits you.
* * * LOW HITPOINT WARNING * * *
The goblin hits you with a +0 club.
You die...

##..#....)...## #...........###..
#.##..#.###.####[.......#.......
###.............................
##...........[..................
##.8...........)#.........#######
#.........)............##.# #
......).........#......##.# #
#..###.#...(...g#.........# #
...###.#.....>.g@......##########
#.###..##.##.##g###...## #...<.
..###.###....##..####..#####.....
#.........####...................
#.#.......####........#..........
#......##........................
..........###########.######.....
#.######.......#####.............
### #######...................


You could see Robin, a hobgoblin (strong) and a goblin (strong).

Vanquished Creatures
  3 gnolls (D:3)
  3 adders
  3 dart slugs
  9 ball pythons
  9 endoplasms
  3 giant cockroaches
  11 hobgoblins
  A jackal (D:2)
  10 kobolds
  4 quokkas
  11 bats
  6 frilled lizards
  8 goblins
  4 rats
85 creatures vanquished.

Notes
Turn   | Place    | Note
-------+----------+-------------------------------------------
     0 | D:1      | spardeous the Demigod Conjurer began the quest for the Orb.
     0 | D:1      | Reached XP level 1. HP: 14/14 MP: 5/5
   132 | D:1      | Reached skill level 4 in Conjurations
   258 | D:1      | Reached XP level 2. HP: 20/20 MP: 4/7
   328 | D:1      | Found Daagixo's Weapon Boutique.
   856 | D:1      | Reached XP level 3. HP: 25/26 MP: 5/8
  1359 | D:1      | Learned a level 2 spell: Searing Ray
  1405 | D:2      | Reached skill level 5 in Conjurations
  1869 | D:2      | Identified the +2 helmet of the Grue {-Cast rPois Will+}
  2199 | D:2      | Reached XP level 4. HP: 33/33 MP: 7/9
  2762 | D:2      | Found Duefoc's Antique Armour Shop.
  3394 | D:3      | Identified the ring "Xeuf" {Fire *Corrode Int+3 Slay+3
                  | Stlth+}
  3721 | D:4      | Noticed Robin
  3730 | D:3      | HP: 1/33 [hobgoblin[Robin] (5)]
  3730 | D:3      | Slain by a goblin

Illustrated notes

Levels and vault maps discovered:
D:1:      dpeg_arrival_leaves_temple_mockup, layout_loops_ring, serial_shops,
          nicolae_shop_bloodbath_and_beyond
D:2:      kb_forest_paths, layout_basic, serial_shops, shop, minmay_door_square
D:3:      layout_rooms, nicolae_overflow_ecumenical_swirl
D:4:      layout_cave_pools, lemuel_mausoleum_altar_kikubaaqudgha,
          nicolae_ru_path_of_blood, lemuel_temple_firewalk_b, serial_shops,
          nicolae_shop_tiny_statue_garden, kennysheep_generic_room_11,
          uniq_robin, uniq_ijyb

Skill      XL: |  1  2  3 |
---------------+----------+-----
Conjurations   | 4 5 |  5.9
Dodging        | |  1.7
Stealth        | |  1.7
Spellcasting   | |  1.7

Action                     |  1- 3 |  4- 6 || total
---------------------------+-------+-------++-------
   Cast: Magic Dart        |   111 |    40 ||   151
         Searing Ray       |       |     3 ||     3
 Armour: Robe              |     2 |     4 ||     6
  Dodge: Dodged            |     9 |    25 ||    34
